 Dungeon Crawl Stone Soup version 0.31.0-9-g3a7656b989 (webtiles) character file.

Game seed: 12621511303740068925

16 Amplified the Trooper (level 2, -2/24 HPs)
             Began as a Merfolk Fighter on Jan 28, 2024.
             Slain by a gnoll
             ... wielding a +0 halberd of flaming
              (4 damage)
             ... on level 2 of the Dungeon.
             The game lasted 00:01:19 (723 turns).

Amplified the Trooper (Merfolk Fighter)              Turns: 723, Time: 00:01:19

Health: -2/24      AC:  6    Str: 16    XL:     2   Next: 58%
Magic:  2/2        EV:  8    Int:  7    God:
Gold:   73         SH:  4    Dex: 13    Spells: 1/1 levels left

rFire   . . .        a - +0 trident
rCold   . . .        c - +0 buckler
rNeg    . . .        b - +0 scale mail
rPois   .            (no helmet)
rElec   .            (no cloak)
rCorr   .            (no gloves)
SInv    .            (no boots)
Will    .....        (no amulet) Stlth
                     (no ring)
HPRegen 0.24/turn    (no ring)
MPRegen 0.08/turn

%: no passive effects
@: mighty
A: (nimble swimmer 2), mertail
a: no special abilities


You were on level 2 of the Dungeon.
You visited 1 branch of the dungeon, and saw 2 of its levels.

You collected 73 gold pieces.

Inventory:

Hand Weapons
 a - a +0 trident (weapon)
Armour
 b - a +0 scale mail (worn)
 c - a +0 buckler (worn)
Jewellery
 h - a ring of protection from cold
Scrolls
 e - 2 scrolls of identify
 g - a scroll of summoning
Potions
 f - a potion of cancellation


   Skills:
 * Level 3.5 Fighting
 * Level 3.1 Polearms
 + Level 2.3 Armour
 * Level 3.2 Shields


You had one spell level left.
You didn't know any spells.
Your spell library contained the following spells:

 Spells                   Type           Power      Damage    Failure   Level
 Slow                     Hex            0%         N/A       91%         1
 Confusing Touch          Hex            0%         N/A       100%        3
 Sigil of Binding         Hex            0%         N/A       100%        3
 Vampiric Draining        Necr           0%         2d6       100%        3


Dungeon Overview and Level Annotations

Branches:
Dungeon (2/15)

Altars:


Innate Abilities, Weirdness & Mutations

((You are very nimble when in or above water. (Stealth+, EV+, Speed+++)))
Your lower body shifts to a powerful aquatic tail in water.


Message History

You see here a ring of protection from cold.
h - a ring of protection from cold The gnoll hits you from afar with a +0 halberd of flaming.
The gnoll burns you.
Okay, then.
The gnoll attacks as it pursues you! You block the gnoll's attack.
The gnoll attacks as it pursues you! You block the gnoll's attack.
The gnoll attacks as it pursues you! The gnoll hits you but does no damage.
You feel very mighty all of a sudden.
Reach: a) +0 trident
Press: ? - help, Dir - move target, f - gnoll
Aim: a gnoll, wielding a +0 halberd of flaming (about 39% to evade your +0 trident)
You reach to attack!
You puncture the gnoll!
The gnoll is severely wounded.
The gnoll hits you from afar with a +0 halberd of flaming!
The gnoll burns you.
Unknown command.
A bat comes into view.
The bat hits you but does no damage.
You completely miss the bat. The bat hits you but does no damage.
The gnoll barely misses you. The bat hits you.
The bat attacks as it pursues you! The bat barely misses you.
The bat hits you but does no damage.
Reach: a) +0 trident
Press: ? - help, Dir - move target, f - gnoll, p - gnoll
Aim: a gnoll, wielding a +0 spear (about 39% to evade your +0 trident)
You reach to attack!
You hit the gnoll.
The gnoll is moderately wounded.
The bat barely misses you. The bat hits you but does no damage.
The gnoll hits you from afar with a +0 spear.
Unknown command.
Reach: a) +0 trident
Press: ? - help, Dir - move target, f - bat, p - gnoll
Aim: a bat (about 58% to evade your +0 trident)
You hit the bat.
You kill the bat!
The gnoll hits you from afar with a +0 halberd of flaming!
* * * LOW HITPOINT WARNING * * *
The gnoll burns you.
You die...

#............###
#........#####
######........#
#.........#####
#.......#.##
#....g#.#..#######
###.#g#g.........#
#####...#..g.......##
#.....@.#..g.........
#.......#............
#.......#............
#####.<...###..P.PP..
#.#.... #..PP..PP
#.#.#.. #......PP
#.#.##..........P
#.#.# #.#.P..P..P
#..P....P


You could see 2 gnolls.

Vanquished Creatures
  3 ball pythons (D:1)
  A bat (D:2)
  3 endoplasms (D:1)
  A giant cockroach (D:1)
  2 goblins
  A kobold (D:1)
  2 quokkas (D:2)
  2 rats (D:1)
15 creatures vanquished.

Notes
Turn   | Place    | Note
-------+----------+-------------------------------------------
     0 | D:1      | Amplified the Merfolk Fighter began the quest for the Orb.
     0 | D:1      | Reached XP level 1. HP: 18/18 MP: 1/1
   136 | D:1      | Reached XP level 2. HP: 24/24 MP: 2/2
   723 | D:2      | Slain by a gnoll

Illustrated notes

Levels and vault maps discovered:
D:1:      dpeg_arrival_rooms_b, layout_loops_cross, minmay_misc_feat_square
D:2:      layout_rooms, nicolae_grassy_gnolls

Skill      XL: |  1 |
---------------+----+-----
Polearms       | 3 |  3.1
Fighting       | |  3.5
Armour         | |  2.3
Shields        | |  3.2

Action                     || total
---------------------------++-------
  Melee: Trident           ||    51
    Use: Scroll            ||     4
         Potion            ||     1
 Armour: Scale mail        ||    22
  Dodge: Dodged            ||    18
  Block: Buckler           ||    11
